Desmond, chaotic female elven Wizard ----- -- --...-- --.--.....| ---|.........-- |..--..<......--.| |....-...........| |..............--| ---..............--- |................-- ---..[............| |-.......---...-- ---- |........| |f..----..| ---.....-----...@.|...----------- --- |.........G..............................- -...-.--------.........---------- -- .......| |............| --------- |......---...| --.--.-- -..| ------ --- Desmond the Evoker Experience level: 1 Strength: 8 Dexterity: 15 Constitution: 12 Intelligence: 19 Wisdom: 12 Charisma: 11 Health: 0(11) Energy: 9(9) Def: 3 Gold: 126 Moves: 611 Dungeon seed: aQpJZN-iwm-PlJTI Game ID: Desmond_1514268046 Your Inventory: Coins $ - 126 gold pieces Weapons a - a blessed +1 quarterstaff (weapon in hands) Armor e - a blessed +0 cloak of magic resistance (being worn) r - an uncursed +0 leather armor (being worn) y - an uncursed +0 dwarvish iron helm Comestibles l - 2 uncursed lichen corpses m - an uncursed tripe ration o - 3 uncursed food rations p - 2 uncursed lichen corpses Scrolls j - a blessed scroll of enchant weapon q - an uncursed scroll of enchant armor t - an uncursed scroll of food detection Spellbooks g - a blessed spellbook of charm monster u - an uncursed spellbook of magic missile Potions k - a blessed potion of monster detection s - an uncursed potion of blindness Wands b - an uncursed wand of striking (0:4) Tools h - an uncursed blindfold i - an uncursed wooden flute n - an uncursed oil lamp (0:1088) v - a blessed wax candle (0:400) Spells and supernatural/magical abilities: Spells marked with '*' are forgotten. Spells marked with '!' are maintained. Spells marked with '#' are aliased with 'castalias'. Name Level Category Fail Memory a - force bolt 1 attack 0% 100% m - magic missile 2 attack 0% 100% p - protection 1 clerical 0% 100% W - pray for help -- divine ? -- Your skills at the end: Fighting Skills wands [Basic] Weapon Skills quarterstaff [Basic] Spellcasting Skills attack spells [Basic] enchantment spells [Basic] Final Attributes: You were magic resistant. You saw invisible. You had infravision. You are dead. Vanquished creatures: 2 gnome lords a gnomish wizard a dwarf 2 gnomes 2 jackals a fox a goblin 5 lichens 3 newts 18 creatures vanquished. Voluntary challenges: You were an atheist. You never hit with a wielded weapon. You were a pacifist. You read items or engraved 10 times, starting on turn 249. You never genocided any monsters. You never polymorphed an object. You never changed form. You used no wishes. You never split a pudding. You wrote Elbereth's name 3 times, starting on turn 249. You never violated your personal moral code. Dungeon overview: The Dungeons of Doom: levels 1 to 3 Level 1 a long staircase Level 2 a weapon shop, a sink, a vault stairs to The Gnomish Mines Level 3 a sink The Gnomish Mines: levels 3 to 4 Level 3 stairs to The Dungeons of Doom Level 4 <- You were here History has recorded: On T:1 you entered the Dungeons of Doom to retrieve the Amulet of Yendor! On T:173 you reached level 2 of The Dungeons of Doom. On T:303 you reached level 3 of The Dungeons of Doom. On T:454 you reached level 1 of The Gnomish Mines. On T:575 you reached level 2 of The Gnomish Mines. Score breakdown: Gold: 126 ( 7156 points) Experience: 1 level ( 0 points) Exploration: 4 levels ( 7.55%) ( 7205 points) Discoveries: 0 items ( 0.00%) ( 0 points) Valuables value: (no points given unless you survive) Artifact value: 0 ( 0 points) Variety of kills: 9 monsters ( 2.37%) ( 4616 points) Turncount: 611 turns ( 0 points) Survival: died (score multiplied by 80%) Total score: 15181 Latest messages: y - a hard hat. You feel clumsy! You haven't been working on reflexes lately. The large cat misses the gnome lord. The gnome lord misses the large cat. The large cat bites the gnome lord. The gnome lord misses the large cat. Please move the cursor to an unknown object. Never mind. The large cat bites the gnome lord. The gnome lord is killed! Please move the cursor to an unknown object. A corpse on other objects on the floor of a room. The large cat eats a gnome lord corpse. The gnome shoots a crossbow bolt! You are hit by a crossbow bolt. You see here 3 candles. A trap door in the ceiling opens and a rock falls on your head! You die... Final status: Goodbye Desmond the Wizard, killed by a falling rock... You died in The Gnomish Mines on dungeon level 4 with 15181 points, and 126 pieces of gold, after 611 moves. You were level 1 with a maximum of 11 hit points when you died.